 Dungeon Crawl Stone Soup version 0.20.0-15-g7f486f2 (webtiles) character file.

489 Darkell the Skirmisher (level 7, -1/72 HPs)
             Began as an Ogre Gladiator on June 17, 2017.
             Succumbed to Mysteryquy's ghost's poison
             ... on level 4 of the Dungeon.
             The game lasted 00:04:58 (4094 turns).

Darkell the Skirmisher (Ogre Gladiator)             Turns: 4094, Time: 00:04:59

Health: -1/72      AC:  5    Str: 27    XL:     7   Next: 14%
Magic:  7/7        EV: 12    Int:  9    God:
Gold:   250        SH:  0    Dex: 14    Spells: 6/6 levels left

rFire    x . .     SeeInvis +   a - +0 flail
rCold    . . .     Gourm    .   (no shield)
rNeg     . . .     Faith    .   b - +0 robe
rPois    .         Spirit   .   c - +0 hat
rElec    .         Reflect  .   (no cloak)
rCorr    .         Harm     .   (gloves unavailable)
MR       +....     Rnd*Tele +   (boots unavailable)
Stlth    +.........             (no amulet)
Regen    0.3/turn               r - +2 ring of protection
MPRegen  0.1/turn               s - ring "Paes" {+Fly rF- MR+ Str+8 Dex+4}

@: lethally poisoned (-1 -> -53), very slightly contaminated, invisible
A: unfitting armour, see invisible, teleportitis 1, tough skin 1, weak 1, wild
magic 1
a: Evoke Flight


You were on level 4 of the Dungeon.
You were not hungry.

You visited 1 branch of the dungeon, and saw 5 of its levels.

You collected 250 gold pieces.

Inventory:

Hand Weapons
 a - a +0 flail (weapon)
Missiles
 d - 3 throwing nets (quivered)
 x - 4 large rocks
Armour
 b - a +0 robe (worn)
 c - a +0 hat (worn)
Jewellery
 e - a +3 ring of evasion
 m - an uncursed ring of protection from magic
 n - an uncursed ring of stealth
 r - a +2 ring of protection (left hand)
 s - the ring "Paes" (right hand) {+Fly rF- MR+ Str+8 Dex+4}
   (You found it on level 4 of the Dungeon)

   [ring of flight]

   It affects your strength (+8).
   It affects your dexterity (+4).
   It makes you vulnerable to fire.
   It affects your resistance to hostile enchantments.
   It lets you fly.
Wands
 t - a wand of enslavement (14/24)
Scrolls
 g - 2 scrolls of identify {unknown}
 i - 2 scrolls of recharging {unknown}
 j - a scroll of teleportation {unknown}
 q - a scroll of random uselessness {unknown}
 v - a scroll of enchant armour {unknown}
Potions
 l - a potion of degeneration
 u - a potion of magic
 z - a potion of flight {unknown}
Comestibles
 f - 3 bread rations
 k - 5 meat rations
 o - 2 royal jellies


   Skills:
 + Level 5.3 Fighting
 + Level 4.9 Maces & Flails
 - Level 2.0 Throwing
 + Level 4.8 Dodging


You had 6 spell levels left.
You didn't know any spells.

Dungeon Overview and Level Annotations

Branches:
Dungeon (5/15)
 Temple: D:4-7

Altars:
Kikubaaqudgha
Nemelex Xobeh

Annotations:
D:4 Mysteryquy's ghost, amateur VSFi


Innate Abilities, Weirdness & Mutations

You are too large for most types of armour.
You have tough skin. (AC +1)
You have supernaturally acute eyesight. (SInv)
You are occasionally teleported next to monsters.
You are weak. (Str -2)
Your spells are a little harder to cast, but a little more powerful.


Message History

You are more poisoned.
You hit Mysteryquy's ghost.
Mysteryquy's ghost is almost destroyed.
* * * LOW HITPOINT WARNING * * *
You feel very sick.
Mysteryquy's ghost hits you but does no damage.
You are more poisoned.
You closely miss Mysteryquy's ghost.
Mysteryquy's ghost is almost destroyed.
* * * LOW HITPOINT WARNING * * *
You feel very sick.
Mysteryquy's ghost hits you but does no damage.
You are more poisoned.
Okay, then.
* * * LOW HITPOINT WARNING * * *
You feel very sick.
It was a potion of mutation.
You feel extremely strange.
You feel weaker.
You feel weirdly uncertain.
Your vision sharpens.
You feel less in control of your magic.
You die...

#.# #.....# #.# #.# #.###.# #..
##.## #.# #.############
#######...######.# #.##........#
..a..............# #.##.######.#
#######...######.# #.##.# #.#
#............# #.##.######.#
#.##.#######W# #........##.#
#.##.# #@# ####.###.##.## #....#
#.# #(# #......
#####..#########.######.# ####.##
[..##.........)..>).....# #.#
##.##..######...)#####..######.#
#...#..#### #.#### #.........#
..........# #.# ### #.#########
..........###.####.###.##########
..................#.##..........#


You could see Mysteryquy's ghost.

Vanquished Creatures
  A phantom (D:4)
  A howler monkey (D:5)
  A jelly (D:4)
  3 worker ants (D:4)
  2 orc wizards (D:4)
  5 gnolls
  6 adders
  2 oozes
  3 worms
  2 dart slugs
  4 leopard geckos (D:3)
  4 orcs
  A ball python (D:1)
  9 giant cockroaches
  6 goblins
  7 hobgoblins
  4 jackals
  6 kobolds
  3 quokkas
  8 bats
  5 frilled lizards
  A jackal skeleton (D:4)
  A quokka zombie (D:5)
  4 rats
  A fungus (D:3)
90 creatures vanquished.

Notes
Turn   | Place    | Note
-------+----------+-------------------------------------------
     0 | D:1      | Darkell the Ogre Gladiator began the quest for the Orb.
     0 | D:1      | Reached XP level 1. HP: 22/22 MP: 1/1
    27 | D:1      | Reached XP level 2. HP: 24/29 MP: 2/2
   354 | D:1      | Reached XP level 3. HP: 34/36 MP: 3/3
   411 | D:1      | Reached skill level 3 in Fighting
   695 | D:2      | Reached XP level 4. HP: 42/45 MP: 4/4
  1712 | D:2      | Found a sparkling altar of Nemelex Xobeh.
  1883 | D:3      | Reached XP level 5. HP: 49/53 MP: 5/5
  2156 | D:3      | Found an ancient bone altar of Kikubaaqudgha.
  2523 | D:4      | Got a faintly glowing lead ring
  2527 | D:4      | Identified the ring "Paes" {+Fly rF- MR+ Str+8 Dex+4} (You found it on level 4 of the Dungeon)
  2561 | D:4      | Reached skill level 4 in Fighting
  2607 | D:5      | Entered Level 5 of the Dungeon
  2965 | D:4      | Reached XP level 6. HP: 60/62 MP: 6/6
  2993 | D:4      | Noticed a phantom
  3039 | D:4      | Killed a phantom
  3100 | D:4      | Noticed Mysteryquy's ghost (amateur VSFi)
  3163 | D:5      | Reached skill level 5 in Fighting
  3691 | D:4      | Reached XP level 7. HP: 65/72 MP: 7/7
  4093 | D:4      | HP: 3/72 [poisoned by Mysteryquy's ghost]
  4094 | D:4      | Gained mutation: You are weak. (Str -2) [potion of mutation]
  4094 | D:4      | Gained mutation: You are occasionally teleported next to monsters. [potion of mutation]
  4094 | D:4      | Gained mutation: You have supernaturally acute eyesight. (SInv) [potion of mutation]
  4094 | D:4      | Gained mutation: Your spells are a little harder to cast, but a little more powerful. [potion of mutation]
  4094 | D:4      | Succumbed to Mysteryquy's ghost's poison

Skill      XL: |  1  2  3  4  5  6 |
---------------+-------------------+-----
Maces & Flails | 3 4 |  4.9
Dodging        | 3 4 |  4.8
Fighting       | 3 4 5 |  5.3
Throwing       | |  2.0

Action                   |  1- 3 |  4- 6 |  7- 9 || total
-------------------------+-------+-------+-------++-------
Melee: Flail             |    81 |   245 |    38 ||   364
  Use: Potion            |       |     3 |     2 ||     5
 Stab: Sleeping          |       |     1 |       ||     1
       Invisible         |       |       |     4 ||     4
  Eat: Chunk             |       |     7 |     2 ||     9
       Royal jelly       |       |     1 |       ||     1
Armor: Robe              |    30 |    64 |     6 ||   100
Dodge: Dodged            |    52 |   169 |    24 ||   245
